AoeStats
← DS_Kvothe

Arabia

509747600Analyzed
1v1 RM · 4d ago on Sep 27, 2026· 37m 58s· 2 players
Game mode
Random Map
Map size
Tiny (2 player)
Population
200
Speed
Normal
Resources
Standard
Victory
Conquest
Starting age
Dark Age
Ending age
Imperial Age
RankedLock teamsTeams togetherTeam positionsShared explorationLock speedFull tech treeHidden civsTurbo modeCheats
Victory
Defeat
🇦🇷 Malians · Argentina
1943
+10
🇦🇷 Britons · Argentina
1812
-10
DS_Kvothe
6:17 Loom
8:48 Feudal Age
9:27 Double-Bit Axe
9:23 Horse Collar
16:39 Wheelbarrow
16:40 Fletching
16:56 Padded Archer Armor
22:30 Castle Age
21:18 Scale Barding Armor
21:37 Bloodlines
22:05 Forging
21:59 Gold Mining
22:30 Elite Skirmisher
23:07 Bodkin Arrow
23:34 Husbandry
24:11 Leather Archer Armor
26:57 Chain Barding Armor
26:40 Husbandry
31:21 Bow Saw
34:47 Ballistics
35:30 Light Cavalry
37:12 Heavy Plow
40:25 Imperial Age
AstroPlayer24
5:14 Loom
7:55 Feudal Age
8:47 Double-Bit Axe
11:46 Fletching
13:59 Horse Collar
16:52 Scale Barding Armor
18:48 Gold Mining
21:51 Castle Age
20:38 Gold Mining
22:28 Bodkin Arrow
21:59 Crossbowman
23:09 Bow Saw
24:00 Ballistics
26:11 Scale Barding Armor
Connection lost

Rejoining the realm…

Still unreachable

The connection could not be restored.

Session expired

The server has moved on; the page needs a fresh start.